[ AOE2 MATCH · #504612303 ]
UnrankedTeutons vs Japanese
Player's team · LOSS
Rival team · WIN
[ REPLAY ANALYSIS · EXTRACTED FROM THE RECORDED GAME ]
Feudal
10:41
Castle
22:27
Imperial
38:56
| APM avg | 91.6 |
| APM peak | 141 |
| eAPM avg | 52.5 |
| Villagers / military | 216 / 298 |
Focus
⚔️ 50.7% · 🌾 49.3%
Skirmisher ×194 · Knight ×80 · Monk ×9 · Mangonel ×6 · Trebuchet (Packed) ×6 · Archer ×2
Feudal
11:24
Castle
21:36
Imperial
37:57
| APM avg | 93.8 |
| APM peak | 152 |
| eAPM avg | 53.2 |
| Villagers / military | 165 / 216 |
Focus
⚔️ 69.9% · 🌾 30.1%
Cavalry Archer ×125 · Militia ×64 · Skirmisher ×6 · Knight ×4 · Mangonel ×4 · Trebuchet (Packed) ×4
Match map
Initial resources + every placement click. Lines = walls · curves = elevation contours. ◆ gold · ⬟ stone · ● berries · ✦ relic · ◌ wall gap
Your base· ✓ Closed at 22:27 · 51t walls · no gate
F1Re's base· Open — opponent sealed themselves in
Smoothed initial terrain · ◌ = detected wall gap · hover for details
Inputs per minute
— iamkaito - - F1Re
Build order — iamkaito
First 150 of 656 actions detected
| 0:01 | Create | Villager (Male) |
| 0:02 | Build | House |
| 0:02 | Create | Villager (Male) |
| 0:03 | Build | House |
| 0:09 | Create | Villager (Male) |
| 0:11 | Create | Villager (Male) |
| 1:23 | Create | Villager (Male) |
| 1:23 | Create | Villager (Male) |
| 1:53 | Create | Villager (Male) |
| 1:53 | Create | Villager (Male) |
| 2:05 | Build | Mill |
| 2:22 | Create | Villager (Male) |
| 2:51 | Create | Villager (Male) |
| 3:02 | Create | Villager (Male) |
| 3:38 | Create | Villager (Male) |
| 3:39 | Create | Villager (Male) |
| 3:44 | Create | Villager (Male) |
| 4:35 | Create | Villager (Male) |
| 4:38 | Build | House |
| 4:39 | Research | Loom |
| 4:56 | Create | Villager (Male) |
| 5:05 | Create | Villager (Male) |
| 5:29 | Create | Villager (Male) |
| 5:29 | Create | Villager (Male) |
| 5:35 | Create | Villager (Male) |
| 6:10 | Create | Villager (Male) |
| 6:11 | Create | Villager (Male) |
| 6:13 | Create | Villager (Male) |
| 6:13 | Create | Villager (Male) |
| 6:23 | Create | Villager (Male) |
| 6:33 | Build | Lumber Camp |
| 6:39 | Build | House |
| 7:33 | Create | Villager (Male) |
| 7:34 | Create | Villager (Male) |
| 7:44 | Build | Palisade Wall |
| 7:45 | Build | Palisade Wall |
| 7:49 | Build | Palisade Wall |
| 7:50 | Build | Palisade Wall |
| 7:51 | Build | Palisade Wall |
| 7:58 | Create | Villager (Male) |
| 8:13 | Build | Farm |
| 8:13 | Build | Farm |
| 8:24 | Build | House |
| 8:31 | Research | Feudal Age |
| 9:12 | Build | Lumber Camp |
| 10:06 | Build | House |
| 10:09 | Create | Villager (Male) |
| 10:19 | Build | Barracks |
| 10:34 | Create | Villager (Male) |
| 10:41 | Age | Feudal Age |
| 10:44 | Research | Double-Bit Axe |
| 10:54 | Create | Villager (Male) |
| 11:07 | Create | Villager (Male) |
| 11:20 | Build | Archery Range |
| 11:23 | Create | Villager (Male) |
| 11:45 | Create | Villager (Male) |
| 11:51 | Build | Mill |
| 11:56 | Create | Spearman |
| 12:02 | Build | House |
| 12:21 | Create | Villager (Male) |
| 12:24 | Create | Villager (Male) |
| 12:31 | Build | Farm |
| 12:36 | Create | Villager (Male) |
| 12:39 | Build | Palisade Wall |
| 12:43 | Build | Palisade Wall |
| 12:44 | Create | Villager (Male) |
| 12:44 | Create | Villager (Male) |
| 12:45 | Create | Villager (Male) |
| 12:47 | Create | Archer |
| 12:47 | Create | Archer |
| 12:49 | Build | Farm |
| 12:56 | Build | Farm |
| 13:07 | Create | Skirmisher |
| 13:07 | Create | Skirmisher |
| 13:23 | Create | Villager (Male) |
| 13:23 | Create | Villager (Male) |
| 13:25 | Create | Skirmisher |
| 13:32 | Build | Mining Camp |
| 13:35 | Build | Palisade Wall |
| 13:36 | Build | Palisade Wall |
| 13:41 | Create | Villager (Male) |
| 13:51 | Build | Farm |
| 13:56 | Build | Farm |
| 13:58 | Create | Skirmisher |
| 14:05 | Build | Palisade Wall |
| 14:09 | Create | Skirmisher |
| 14:13 | Build | Palisade Wall |
| 14:15 | Create | Skirmisher |
| 14:25 | Build | Farm |
| 14:49 | Create | Villager (Male) |
| 14:53 | Build | Farm |
| 14:54 | Build | House |
| 14:57 | Research | Town Watch |
| 14:59 | Build | House |
| 15:00 | Build | Palisade Wall |
| 15:09 | Build | House |
| 15:14 | Create | Villager (Male) |
| 15:17 | Build | Palisade Wall |
| 15:26 | Create | Villager (Male) |
| 15:26 | Create | Villager (Male) |
| 15:31 | Build | Farm |
| 15:32 | Create | Villager (Male) |
| 15:35 | Create | Skirmisher |
| 15:51 | Build | Blacksmith |
| 15:51 | Create | Villager (Male) |
| 15:51 | Create | Villager (Male) |
| 16:08 | Build | Palisade Wall |
| 16:10 | Create | Skirmisher |
| 16:14 | Build | Palisade Wall |
| 16:17 | Build | Palisade Wall |
| 16:25 | Build | Palisade Wall |
| 16:26 | Build | Palisade Wall |
| 16:40 | Build | Farm |
| 16:46 | Build | Farm |
| 17:01 | Create | Villager (Male) |
| 17:12 | Build | Farm |
| 17:12 | Build | Farm |
| 17:15 | Build | Farm |
| 17:30 | Build | House |
| 17:54 | Build | Palisade Wall |
| 17:59 | Create | Villager (Male) |
| 17:59 | Create | Villager (Male) |
| 18:02 | Research | Fletching |
| 18:06 | Create | Villager (Male) |
| 18:06 | Create | Villager (Male) |
| 18:13 | Build | House |
| 18:16 | Build | Market |
| 18:21 | Create | Skirmisher |
| 18:24 | Create | Skirmisher |
| 18:26 | Build | House |
| 18:32 | Build | House |
| 18:33 | Create | Villager (Male) |
| 18:44 | Create | Skirmisher |
| 18:47 | Build | Palisade Wall |
| 18:56 | Create | Skirmisher |
| 19:15 | Build | House |
| 19:22 | Build | Farm |
| 19:23 | Build | Farm |
| 19:25 | Build | Farm |
| 19:33 | Build | Archery Range |
| 19:47 | Research | Castle Age |
| 19:48 | Create | Skirmisher |
| 19:48 | Create | Skirmisher |
| 19:49 | Create | Skirmisher |
| 20:00 | Build | House |
| 20:01 | Build | Palisade Wall |
| 20:05 | Create | Skirmisher |
| 20:14 | Build | House |
| 20:17 | Build | House |
| 20:20 | Research | Padded Archer Armor |
Build order — F1Re
First 150 of 677 actions detected
| 0:01 | Create | Villager (Male) |
| 0:02 | Build | House |
| 0:03 | Build | House |
| 0:11 | Create | Villager (Male) |
| 0:11 | Create | Villager (Male) |
| 0:11 | Create | Villager (Male) |
| 1:35 | Create | Villager (Male) |
| 2:05 | Create | Villager (Male) |
| 2:22 | Create | Villager (Male) |
| 2:38 | Build | Barracks |
| 2:49 | Create | Villager (Male) |
| 2:49 | Create | Villager (Male) |
| 3:02 | Build | House |
| 3:16 | Create | Villager (Male) |
| 3:40 | Create | Villager (Male) |
| 3:51 | Create | Militia |
| 4:02 | Build | House |
| 4:06 | Create | Villager (Male) |
| 4:16 | Create | Militia |
| 4:33 | Create | Villager (Male) |
| 4:46 | Build | House |
| 4:53 | Create | Militia |
| 5:03 | Create | Villager (Male) |
| 5:03 | Create | Villager (Male) |
| 5:13 | Build | Palisade Wall |
| 5:24 | Create | Militia |
| 5:54 | Create | Villager (Male) |
| 6:13 | Create | Villager (Male) |
| 6:22 | Create | Villager (Male) |
| 6:37 | Build | Mill |
| 6:42 | Create | Villager (Male) |
| 7:03 | Create | Villager (Male) |
| 7:18 | Create | Villager (Male) |
| 7:38 | Create | Villager (Male) |
| 7:46 | Create | Villager (Male) |
| 7:56 | Create | Villager (Male) |
| 8:08 | Build | Lumber Camp |
| 8:16 | Build | Mining Camp |
| 8:33 | Research | Loom |
| 8:53 | Build | Mill |
| 9:14 | Research | Feudal Age |
| 9:14 | Research | Feudal Age |
| 9:14 | Research | Feudal Age |
| 9:26 | Create | Militia |
| 9:44 | Create | Militia |
| 9:52 | Build | Farm |
| 10:07 | Build | House |
| 10:12 | Create | Militia |
| 10:18 | Build | House |
| 10:18 | Build | Palisade Wall |
| 10:23 | Build | Palisade Wall |
| 10:42 | Build | Farm |
| 11:01 | Build | Farm |
| 11:08 | Build | Palisade Wall |
| 11:17 | Build | Farm |
| 11:24 | Age | Feudal Age |
| 11:29 | Research | Man-at-Arms (upgrade) |
| 11:29 | Research | Double-Bit Axe |
| 11:30 | Create | Villager (Male) |
| 11:47 | Build | Farm |
| 11:48 | Create | Villager (Male) |
| 11:55 | Build | Farm |
| 11:56 | Create | Villager (Male) |
| 12:15 | Build | Farm |
| 12:30 | Create | Villager (Male) |
| 12:38 | Create | Villager (Male) |
| 12:57 | Build | Archery Range |
| 13:03 | Create | Spearman |
| 13:21 | Build | Palisade Wall |
| 13:27 | Create | Villager (Male) |
| 13:32 | Research | Horse Collar |
| 13:40 | Create | Archer |
| 13:43 | Create | Villager (Male) |
| 13:52 | Build | Farm |
| 14:10 | Build | Palisade Wall |
| 14:10 | Build | House |
| 14:25 | Create | Villager (Male) |
| 14:29 | Build | House |
| 14:31 | Create | Villager (Male) |
| 14:40 | Create | Skirmisher |
| 14:40 | Create | Skirmisher |
| 14:43 | Create | Villager (Male) |
| 14:46 | Build | House |
| 15:00 | Build | Blacksmith |
| 15:08 | Create | Skirmisher |
| 15:11 | Build | Palisade Wall |
| 15:18 | Build | House |
| 15:25 | Build | Farm |
| 15:25 | Create | Villager (Male) |
| 15:40 | Build | Lumber Camp |
| 15:43 | Create | Skirmisher |
| 15:49 | Build | Farm |
| 15:50 | Research | Fletching |
| 15:50 | Research | Fletching |
| 16:07 | Create | Villager (Male) |
| 16:08 | Create | Skirmisher |
| 16:16 | Build | Farm |
| 16:30 | Build | House |
| 16:31 | Build | House |
| 16:38 | Create | Villager (Male) |
| 16:40 | Build | Farm |
| 16:50 | Create | Skirmisher |
| 17:00 | Create | Villager (Male) |
| 17:03 | Build | Farm |
| 17:23 | Build | Mining Camp |
| 17:36 | Create | Villager (Male) |
| 17:48 | Build | Market |
| 17:58 | Create | Villager (Male) |
| 18:23 | Create | Villager (Male) |
| 18:41 | Build | Farm |
| 18:52 | Build | Lumber Camp |
| 18:56 | Research | Castle Age |
| 18:56 | Research | Castle Age |
| 19:22 | Build | Farm |
| 19:24 | Research | Gold Mining |
| 19:24 | Research | Gold Mining |
| 19:41 | Build | Farm |
| 19:43 | Build | Stable |
| 20:06 | Research | Padded Archer Armor |
| 20:06 | Research | Padded Archer Armor |
| 20:30 | Build | Archery Range |
| 20:53 | Build | Archery Range |
| 20:53 | Create | Scout Cavalry |
| 20:55 | Research | Bloodlines |
| 20:56 | Research | Bloodlines |
| 21:32 | Build | Farm |
| 21:34 | Build | Farm |
| 21:36 | Age | Castle Age |
| 21:40 | Research | Bodkin Arrow |
| 21:42 | Create | Cavalry Archer |
| 21:42 | Create | Cavalry Archer |
| 21:42 | Create | Cavalry Archer |
| 21:42 | Create | Villager (Male) |
| 21:42 | Create | Villager (Male) |
| 21:51 | Build | Siege Workshop |
| 22:07 | Create | Cavalry Archer |
| 22:08 | Create | Cavalry Archer |
| 22:16 | Create | Villager (Male) |
| 22:16 | Create | Villager (Male) |
| 22:17 | Build | Farm |
| 22:18 | Build | Farm |
| 22:19 | Create | Villager (Male) |
| 22:31 | Build | Siege Workshop |
| 22:42 | Create | Cavalry Archer |
| 22:51 | Create | Villager (Male) |
| 22:55 | Build | House |
| 22:57 | Build | House |
| 22:57 | Build | House |
| 23:00 | Research | Bow Saw |
| 23:00 | Research | Bow Saw |
Match timeline
| 2:38 | F1Re · first_building Barracks |
| 5:13 | F1Re · wall_segment Palisade Wall x1 |
| 7:44 | iamkaito · wall_segment Palisade Wall x1 |
| 7:45 | iamkaito · wall_segment Palisade Wall x1 |
| 7:49 | iamkaito · wall_segment Palisade Wall x1 |
| 7:50 | iamkaito · wall_segment Palisade Wall x1 |
| 7:51 | iamkaito · wall_segment Palisade Wall x1 |
| 10:18 | F1Re · wall_segment Palisade Wall x1 |
| 10:19 | iamkaito · first_building Barracks |
| 10:23 | F1Re · wall_segment Palisade Wall x10 |
| 10:41 | iamkaito · age_up feudal |
| 11:08 | F1Re · wall_segment Palisade Wall x1 |
| 11:20 | iamkaito · first_building Archery Range |
| 11:24 | F1Re · age_up feudal |
| 12:39 | iamkaito · wall_segment Palisade Wall x1 |
| 12:43 | iamkaito · wall_segment Palisade Wall x1 |
| 12:57 | F1Re · first_building Archery Range |
| 13:21 | F1Re · wall_segment Palisade Wall x10 |
| 13:35 | iamkaito · wall_segment Palisade Wall x1 |
| 13:36 | iamkaito · wall_segment Palisade Wall x1 |
| 14:05 | iamkaito · wall_segment Palisade Wall x3 |
| 14:10 | F1Re · wall_segment Palisade Wall x1 |
| 14:13 | iamkaito · wall_segment Palisade Wall x6 |
| 15:00 | iamkaito · wall_segment Palisade Wall x1 |
| 15:11 | F1Re · wall_segment Palisade Wall x8 |
| 15:17 | iamkaito · wall_segment Palisade Wall x10 |
| 16:08 | iamkaito · wall_segment Palisade Wall x4 |
| 16:14 | iamkaito · wall_segment Palisade Wall x8 |
| 16:17 | iamkaito · wall_segment Palisade Wall x1 |
| 16:25 | iamkaito · wall_segment Palisade Wall x3 |
| 16:26 | iamkaito · wall_segment Palisade Wall x5 |
| 17:54 | iamkaito · wall_segment Palisade Wall x1 |
| 18:47 | iamkaito · wall_segment Palisade Wall x1 |
| 19:20 | iamkaito · first_market_buy 100 food |
| 19:43 | F1Re · first_building Stable |
| 20:01 | iamkaito · wall_segment Palisade Wall x1 |
| 21:36 | F1Re · age_up castle |
| 21:51 | F1Re · first_building Siege Workshop |
| 22:27 | iamkaito · age_up castle |
| 23:43 | iamkaito · first_building Monastery |
| 24:37 | F1Re · first_market_buy 100 wood |
| 24:42 | iamkaito · wall_segment Palisade Wall x1 |
| 25:31 | iamkaito · first_building Siege Workshop |
| 30:27 | F1Re · first_building Monastery |
| 32:10 | F1Re · first_market_sell 100 food |
| 33:59 | iamkaito · first_market_sell 100 food |
| 37:22 | iamkaito · first_building Stable |
| 37:57 | F1Re · age_up imperial |
| 38:33 | iamkaito · first_building Castle |
| 38:56 | iamkaito · age_up imperial |
| 38:56 | F1Re · first_building Castle |
| 44:46 | iamkaito · wall_segment Palisade Wall x1 |
| 47:28 | iamkaito · wall_segment Palisade Wall x11 |
| 50:56 | iamkaito · resign |
[ AI ANALYSIS · 1 CREDIT ]
What really happened in this match?
Wolo.gg analyzes every decision: build order, eco, micro, common mistakes by bracket. Personalized analysis on WhatsApp or Discord in 30 seconds.
Civ guide
Teutons
Perfil
Jugador #3816609